 Dungeon Sprint DCSS version 0.23.0 (webtiles) character file.

Game seed: 17704183883602920571

444 Infinimo the Transmogrifier (level 7, -2/48 HPs)
             Began as a Merfolk Transmuter on Feb 17, 2019.
             Slain by a centaur warrior (14 damage)
             ... in the Dungeon (Sprint I: "Red Sonja").
             The game lasted 00:01:43 (919 turns).

Infinimo the Transmogrifier (Merfolk Transmuter)     Turns: 919, Time: 00:01:45

Health: -2/48      AC:  2    Str: 12    XL:     7   Next: 3%
Magic:  5/10       EV: 13    Int: 13    God:
Gold:   106        SH:  0    Dex: 14    Spells: 1/10 levels left

rFire    . . .     SeeInvis .     - Unarmed
rCold    . . .     Gourm    .   (shield currently unavailable)
rNeg     . . .     Faith    .   b - +0 robe
rPois    .         Spirit   .   (no helmet)
rElec    .         Reflect  .   (no cloak)
rCorr    .         Harm     .   (gloves currently unavailable)
MR       .....     NoTele   +   (no boots)
Stlth    +.........             (no amulet)
HPRegen  0.16/turn              (no ring)
MPRegen  0.12/turn              (no ring)

@: blade hands
A: change form in water, swift swim, stealthy swim
a: End Transformation


You were in the Dungeon.
You were not hungry.
You had blades for hands.
You visited 1 branch You collected 316 gold pieces.
You spent 210 gold pieces at shops.

Inventory:

Missiles
 a - 12 arrows
Armour
 b - a +0 robe (worn)
Scrolls
 j - a scroll of blinking
Potions
 e - a potion of curing
 f - 2 potions of heal wounds
 g - 2 potions of haste
 h - 3 potions of magic
Comestibles
 d - a ration


   Skills:
 - Level 1.1 Fighting
 - Level 2.6 Dodging
 + Level 11.5 Unarmed Combat
 - Level 2.0 Spellcasting
 + Level 13.1 Transmutations


You had one spell level left.
You knew the following spells:

 Your Spells              Type           Power        Failure   Level  Hunger
a - Beastly Appendage     Tmut           #####.       8%          1    ##.....
b - Spider Form           Tmut/Pois      ###.......   34%         3    ####...
c - Blade Hands           Tmut           #####.....   26%         5    ######.

Your spell library contained the following spells:

 Spells                   Type           Power        Failure   Level  Hunger
 Sticks to Snakes         Tmut           #####...     9%          2    ###....
 Ice Form                 Ice/Tmut       ###.....     58%         4    #####..


Dungeon Overview and Level Annotations

Branches:
Dungeon (1/1)

Altars:
Cheibriados
Dithmenos
Elyvilon
Fedhas
Gozag
Hepliaklqana
Kikubaaqudgha
Nemelex Xobeh
Okawaru
Qazlal
Ru
Sif Muna
Trog
Uskayaw
Vehumet
Wu Jian
Yredelemnul
Zin
The Shining One

Shops:
D !

Annotations:
D Sonja


Message History

The centaur warrior wields a +0 shortbow.
The centaur warrior shoots an arrow.
A centaur warrior comes into view.
Which direction?
You close the door.
There is an open door here.
Something unseen opens the door.
You close the door.
You start waiting.
The centaur warrior shoots an arrow.
The arrow hits you!
The centaur warrior unwields a +0 shortbow.
The centaur warrior hits you!
There is an open door, spattered with blood here.
Casting: Blade Hands (safe; 3% risk of failure)
Confirm with . or Enter, or press ? or * to list all spells.
Your hands turn into razor-sharp scythe blades.
The centaur warrior hits you!
* * * LOW HITPOINT WARNING * * *
The centaur warrior hits you!
You die...

################
#<.#..').#.)'..#
#..').#..'..#..+
#..#####'#####'# ##
#..####..#...#[####/§#
#..#__####..##[#≈≈≈§c#
#..#_____##'#_.§≈≈≈.c+
#⌠⌠#_.∩...÷...c#
####_..__##_.#@#
#_____###+#(# #######
.### .$ K$# .## +#


You could see a centaur warrior.

Vanquished Creatures
  Sigmund (D)
  A yak (D)
  An ogre (D)
  A jelly (D)
  Ijyb (D)
5 creatures vanquished.

Vanquished Creatures (others)
  A gargoyle (D)
1 creature vanquished.

Grand Total: 6 creatures vanquished

Notes
Turn   | Place    | Note
-------+----------+-------------------------------------------
     0 | D        | Infinimo the Merfolk Transmuter began the quest for the
                  | Orb.
     0 | D        | Reached XP level 1. HP: 15/15 MP: 3/3
     1 | D        | Noticed Ijyb
    14 | D        | Killed Ijyb
    14 | D        | Reached skill level 5 in Unarmed Combat
    14 | D        | Reached skill level 5 in Transmutations
    14 | D        | Reached XP level 2. HP: 21/21 MP: 5/5
    14 | D        | Reached XP level 3. HP: 26/26 MP: 6/6
    15 | D        | Noticed an ogre
    20 | D        | Killed an ogre
    20 | D        | Reached skill level 8 in Transmutations
    20 | D        | Reached XP level 4. HP: 10/32 MP: 7/7
   265 | D        | Learned a level 3 spell: Spider Form
   274 | D        | Noticed Sigmund
   283 | D        | Killed Sigmund
   283 | D        | Reached skill level 10 in Unarmed Combat
   283 | D        | Reached skill level 11 in Transmutations
   283 | D        | Reached XP level 5. HP: 8/37 MP: 4/8
   283 | D        | Reached XP level 6. HP: 9/43 MP: 4/9
   463 | D        | Killed a gargoyle
   552 | D        | Found a deep blue altar of Sif Muna.
   553 | D        | Found an ornate altar of the Wu Jian Council.
   555 | D        | Found a radiant altar of Vehumet.
   680 | D        | Learned a level 5 spell: Blade Hands
   685 | D        | Found Kaf Cuym's Distillery.
   685 | D        | Found an ancient bone altar of Kikubaaqudgha.
   685 | D        | Found a hazy altar of Hepliaklqana.
   685 | D        | Found a stormy altar of Qazlal.
   685 | D        | Found a hide-covered altar of Uskayaw.
   685 | D        | Found a blossoming altar of Fedhas.
   685 | D        | Found a bloodstained altar of Trog.
   685 | D        | Found an iron altar of Okawaru.
   685 | D        | Found a basalt altar of Yredelemnul.
   685 | D        | Found a glowing golden altar of the Shining One.
   685 | D        | Found a snail-covered altar of Cheibriados.
   685 | D        | Found a sacrificial altar of Ru.
   685 | D        | Found a glowing silver altar of Zin.
   685 | D        | Found a shadowy altar of Dithmenos.
   685 | D        | Found a white marble altar of Elyvilon.
   685 | D        | Noticed a yak
   688 | D        | Killed a yak
   688 | D        | Reached skill level 13 in Transmutations
   688 | D        | Reached XP level 7. HP: 39/48 MP: 4/10
   736 | D        | Found an opulent altar of Gozag.
   737 | D        | Found a sparkling altar of Nemelex Xobeh.
   769 | D        | Bought a potion of haste for 140 gold pieces
   769 | D        | Bought a potion of heal wounds for 70 gold pieces
   774 | D        | Noticed Sonja
   888 | D        | Noticed a centaur warrior
   911 | D        | Noticed a centaur warrior
   919 | D        | Slain by a centaur warrior

Skill      XL: |  1  2  3  4  5  6 |
---------------+-------------------+-----
Unarmed Combat | 5 7 10 11 | 11.5
Transmutations | 5 8 11 13 | 13.1
Fighting       | |  1.1
Dodging        | |  2.6
Spellcasting   | |  2.0

Action                   |  1- 3 |  4- 6 |  7- 9 || total
-------------------------+-------+-------+-------++-------
Melee: Unarmed           |    13 |    13 |       ||    26
 Cast: Spider Form       |       |     2 |       ||     2
       Blade Hands       |       |     1 |     1 ||     2
  Use: Potion            |     1 |       |       ||     1
  Eat: Chunk             |       |       |     1 ||     1
Armor: Skin              |       |     1 |       ||     1
Dodge: Dodged            |     3 |     2 |     1 ||     6
